| TOP OF THE 1ST |
|
Burlington Senators batting - Pitching for Raleigh-Durham Capitals : LHP Rodolfo Corderi
|
|
Pitching: LHP Rodolfo Corderi
|
|
|
Batting: RHB Raymond Bresnahan
|
0-0: Called Strike 0-1: Called Strike 0-2: Ball 1-2: Strikes out swinging
|
|
Batting: LHB Daniel Spain
|
0-0: Called Strike 0-1: Called Strike 0-2: Foul Ball, location: 2F 0-2: Ball 1-2: Ball 2-2: SINGLE (Flyball, 6D, EV 91.3 MPH)
|
|
Batting: RHB Rick Schu
|
0-0: Ball Daniel Spain steals 2nd base 1-0: DOUBLE (Flyball, 8RXD, EV 95.6 MPH) Daniel Spain scores
|
|
Batting: LHB John Skorochocki
|
0-0: Ball 1-0: Ball 2-0: SINGLE (Groundball, 4M, EV 98.1 MPH) Rick Schu to third Runner from 3rd tries for Home, SAFE, throw by CF to home
|
|
Batting: RHB Joseph Lorenz
|
0-0: Grounds into double play, 6-4-3 (Groundball, 6, EV 85.0 MPH)
|
| Top of the 1st over - 2 runs, 3 hits, 0 errors, 0 left on base; Burlington 2 - Raleigh-Durham 0 |
| BOTTOM OF THE 1ST |
|
Raleigh-Durham Capitals batting - Pitching for Burlington Senators : LHP Bobby Sprowl
|
|
Pitching: LHP Bobby Sprowl
|
|
|
Batting: RHB Luis Brito
|
0-0: Ball 1-0: Called Strike 1-1: Ball 2-1: Ball 3-1: Swinging Strike 3-2: Base on Balls
|
|
Batting: RHB Tony Camara
|
0-0: Ball Luis Brito steals 2nd base 1-0: Called Strike 1-1: Ball 2-1: Swinging Strike 2-2: Foul Ball, location: 2F 2-2: Strikes out swinging
|
|
Batting: LHB Clay Smith
|
0-0: Called Strike 0-1: Called Strike Luis Brito steals 3rd base (no throw) 0-2: Ball 1-2: Ball 2-2: Foul Ball, location: 2F 2-2: Strikes out swinging
|
|
Batting: LHB Pat Castiglia
|
0-0: Foul Ball, location: 2F 0-1: Called Strike 0-2: Strikes out looking
|
| Bottom of the 1st over - 0 runs, 0 hits, 0 errors, 1 left on base; Burlington 2 - Raleigh-Durham 0 |
| TOP OF THE 2ND |
|
Burlington Senators batting - Pitching for Raleigh-Durham Capitals : LHP Rodolfo Corderi
|
|
Batting: RHB Glenn Millhauser
|
0-0: Called Strike 0-1: Ball 1-1: Fly out, F7 (Flyball, 7LM, EV 93.8 MPH)
|
|
Batting: LHB Jesus Sandoval
|
0-0: Swinging Strike 0-1: Ball 1-1: Foul Ball, location: 2F 1-2: Strikes out swinging
|
|
Batting: RHB Ronnie Mears
|
0-0: Ball 1-0: Ball 2-0: Ball 3-0: Called Strike 3-1: SINGLE (Groundball, 6S, EV 67.5 MPH) (infield hit)
|
|
Batting: RHB Brad Bauman
|
0-0: Ball 1-0: Fly out, F3 (Line Drive, 3, EV 65.0 MPH)
|
| Top of the 2nd over - 0 runs, 1 hit, 0 errors, 1 left on base; Burlington 2 - Raleigh-Durham 0 |
| BOTTOM OF THE 2ND |
|
Raleigh-Durham Capitals batting - Pitching for Burlington Senators : LHP Bobby Sprowl
|
|
Batting: RHB Richard Ferchen
|
0-0: Called Strike 0-1: Foul Ball, location: 2F 0-2: Strikes out swinging
|
|
Batting: LHB Richard Kelly
|
0-0: Ball 1-0: Fly out, F5 (Popup, 25, EV 81.9 MPH)
|
|
Batting: RHB Marshall Burk
|
0-0: Foul Ball, location: 2F 0-1: Fly out, F8 (Flyball, 8RXD, EV 83.8 MPH)
|
| Bottom of the 2nd over - 0 runs, 0 hits, 0 errors, 0 left on base; Burlington 2 - Raleigh-Durham 0 |
| TOP OF THE 3RD |
|
Burlington Senators batting - Pitching for Raleigh-Durham Capitals : LHP Rodolfo Corderi
|
|
Batting: RHB Raymond Bresnahan
|
0-0: Called Strike 0-1: Ball 1-1: Called Strike 1-2: Foul Ball, location: 2F 1-2: Ball 2-2: SINGLE (Groundball, 6MD, EV 102.5 MPH)
|
|
Batting: LHB Daniel Spain
|
0-0: Foul Ball, location: 2F 0-1: Ball 1-1: Ball 2-1: Fielders Choice at 2nd, 3-6 (Groundball, 3, EV 84.4 MPH)
|
|
Batting: RHB Rick Schu
|
0-0: Called Strike 0-1: Foul Ball, location: 2F 0-2: Ball 1-2: Fielders Choice at 2nd, 5-4 (Groundball, 56, EV 101.3 MPH)
|
|
Batting: LHB John Skorochocki
|
0-0: Ball 1-0: Called Strike Pickoff Throw to First - Error! E1 Rick Schu to second 1-1: Ball 2-1: Foul Ball, location: 2F 2-2: Fly out, F8 (Flyball, 78M, EV 83.1 MPH)
|
| Top of the 3rd over - 0 runs, 1 hit, 1 error, 1 left on base; Burlington 2 - Raleigh-Durham 0 |
| BOTTOM OF THE 3RD |
|
Raleigh-Durham Capitals batting - Pitching for Burlington Senators : LHP Bobby Sprowl
|
|
Batting: LHB Donald Jamerson
|
0-0: Ball 1-0: Ball 2-0: Foul Ball, location: 2F 2-1: Foul Ball, location: 2F 2-2: Ball 3-2: Base on Balls
|
|
Batting: RHB Jim Wessinger
|
0-0: Ball 1-0: Called Strike 1-1: Ball 2-1: Called Strike 2-2: Foul Ball, location: 2F 2-2: Strikes out swinging Donald Jamerson steals 2nd base Batter strikes out.
|
|
Batting: RHB Luis Brito
|
0-0: Ball 1-0: Ball 2-0: Ground out 4-3 (Groundball, 4, EV 108.1 MPH) Donald Jamerson to third
|
|
Batting: RHB Tony Camara
|
0-0: Ball 1-0: Called Strike 1-1: Ball 2-1: Hit by Pitch
|
|
Batting: LHB Clay Smith
|
0-0: Ball 1-0: SINGLE (Groundball, 56D, EV 106.9 MPH) Donald Jamerson scores Tony Camara to second
|
|
Batting: LHB Pat Castiglia
|
0-0: Called Strike 0-1: Swinging Strike 0-2: Ball 1-2: Ball 2-2: Foul Ball, location: 2F 2-2: Strikes out swinging
|
| Bottom of the 3rd over - 1 run, 1 hit, 0 errors, 2 left on base; Burlington 2 - Raleigh-Durham 1 |
| TOP OF THE 4TH |
|
Burlington Senators batting - Pitching for Raleigh-Durham Capitals : LHP Rodolfo Corderi
|
|
Batting: RHB Joseph Lorenz
|
0-0: Fly out, F7 (Flyball, 78XD, EV 91.3 MPH)
|
|
Batting: RHB Glenn Millhauser
|
0-0: Called Strike 0-1: Swinging Strike 0-2: Ball 1-2: Hit by Pitch
|
|
Batting: LHB Jesus Sandoval
|
0-0: Ball 1-0: TRIPLE (Flyball, 78XD, EV 114.4 MPH) Glenn Millhauser scores
|
|
Batting: RHB Ronnie Mears
|
0-0: Ball 1-0: Called Strike 1-1: Fly out, F2 (Popup, 2RF, EV 85.0 MPH)
|
|
Batting: RHB Brad Bauman
|
0-0: Ground out 4-3 (Groundball, 4S, EV 86.3 MPH)
|
| Top of the 4th over - 1 run, 1 hit, 0 errors, 1 left on base; Burlington 3 - Raleigh-Durham 1 |
| BOTTOM OF THE 4TH |
|
Raleigh-Durham Capitals batting - Pitching for Burlington Senators : LHP Bobby Sprowl
|
|
Batting: RHB Richard Ferchen
|
0-0: Ball 1-0: Swinging Strike 1-1: Ground out 5-3 (Groundball, 56, EV 99.4 MPH)
|
|
Batting: LHB Richard Kelly
|
0-0: SINGLE (Groundball, 34D, EV 102.5 MPH)
|
|
Batting: RHB Marshall Burk
|
0-0: Called Strike 0-1: Fly out, F9 (Flyball, 9D, EV 89.4 MPH)
|
|
Batting: LHB Donald Jamerson
|
0-0: Foul Ball, location: 2F 0-1: Ball Wild Pitch! Richard Kelly to second 1-1: Swinging Strike 1-2: Strikes out swinging
|
| Bottom of the 4th over - 0 runs, 1 hit, 0 errors, 1 left on base; Burlington 3 - Raleigh-Durham 1 |
| TOP OF THE 5TH |
|
Burlington Senators batting - Pitching for Raleigh-Durham Capitals : LHP Rodolfo Corderi
|
|
Batting: RHB Raymond Bresnahan
|
0-0: Ball 1-0: Foul Ball, location: 2F 1-1: Ball 2-1: Called Strike 2-2: Strikes out looking
|
|
Batting: LHB Daniel Spain
|
0-0: Foul Ball, location: 2F 0-1: Reached on error, E3 (Groundball, 34S, EV 86.3 MPH)
|
|
Batting: RHB Rick Schu
|
0-0: Reached on error, E5 (Groundball, 56, EV 88.8 MPH) Daniel Spain to third
|
|
Batting: LHB John Skorochocki
|
0-0: Ball Rick Schu is caught stealing 2nd base 2-6 1-0: Ball Pickoff Throw to Third - Error! E1 Daniel Spain scores 2-0: Called Strike 2-1: Foul Ball, location: 2F 2-2: Ball 3-2: Strikes out swinging
|
| Top of the 5th over - 1 run, 0 hits, 3 errors, 0 left on base; Burlington 4 - Raleigh-Durham 1 |
| BOTTOM OF THE 5TH |
|
Raleigh-Durham Capitals batting - Pitching for Burlington Senators : LHP Bobby Sprowl
|
|
Batting: RHB Jim Wessinger
|
0-0: Ground out 3-1 (Groundball, 34, EV 76.3 MPH)
|
|
Batting: RHB Luis Brito
|
0-0: Ball 1-0: Called Strike 1-1: Foul Ball, location: 2F 1-2: Ball 2-2: Ball 3-2: Foul Ball, location: 2F 3-2: Ground out 6-3 (Groundball, 6S, EV 84.4 MPH)
|
|
Batting: RHB Tony Camara
|
0-0: Called Strike 0-1: Foul Ball, location: 2F 0-2: Strikes out looking
|
| Bottom of the 5th over - 0 runs, 0 hits, 0 errors, 0 left on base; Burlington 4 - Raleigh-Durham 1 |
| TOP OF THE 6TH |
|
Burlington Senators batting - Pitching for Raleigh-Durham Capitals : LHP Rodolfo Corderi
|
|
Batting: RHB Joseph Lorenz
|
0-0: Ball 1-0: Ground out 6-3 (Groundball, 6, EV 83.1 MPH)
|
|
Batting: RHB Glenn Millhauser
|
0-0: Swinging Strike 0-1: Foul Ball, location: 2F 0-2: Fly out, F9 (Flyball, 9S, EV 83.1 MPH)
|
|
Batting: LHB Jesus Sandoval
|
0-0: Foul Ball, location: 2F 0-1: Swinging Strike 0-2: Foul Ball, location: 2F 0-2: Ball 1-2: Ground out U3 (Groundball, 3, EV 100.0 MPH)
|
| Top of the 6th over - 0 runs, 0 hits, 0 errors, 0 left on base; Burlington 4 - Raleigh-Durham 1 |
| BOTTOM OF THE 6TH |
|
Raleigh-Durham Capitals batting - Pitching for Burlington Senators : LHP Bobby Sprowl
|
|
Batting: LHB Clay Smith
|
0-0: Swinging Strike 0-1: Ball 1-1: Ball 2-1: Fly out, F9 (Flyball, 9LD, EV 86.3 MPH)
|
|
Batting: LHB Pat Castiglia
|
0-0: Called Strike 0-1: Ball 1-1: Foul Ball, location: 2F 1-2: Fly out, F8 (Line Drive, 8RD, EV 103.8 MPH)
|
|
Batting: RHB Richard Ferchen
|
0-0: Called Strike 0-1: Called Strike 0-2: Ball 1-2: Foul Ball, location: 2F 1-2: Ball 2-2: Foul Ball, location: 2F 2-2: Foul Ball, location: 2F 2-2: Ground out 5-3 (Groundball, 56, EV 100.6 MPH)
|
| Bottom of the 6th over - 0 runs, 0 hits, 0 errors, 0 left on base; Burlington 4 - Raleigh-Durham 1 |
| TOP OF THE 7TH |
|
Burlington Senators batting - Pitching for Raleigh-Durham Capitals : LHP Rodolfo Corderi
|
|
Batting: RHB Ronnie Mears
|
0-0: Fly out, F9 (Line Drive, 9, EV 104.4 MPH)
|
|
Batting: RHB Brad Bauman
|
0-0: Ball 1-0: Ball 2-0: Ground out 5-3 (Groundball, 56S, EV 78.8 MPH)
|
|
Batting: RHB Raymond Bresnahan
|
0-0: Ball 1-0: Foul Ball, location: 2F 1-1: Foul Ball, location: 2F 1-2: Strikes out swinging
|
| Top of the 7th over - 0 runs, 0 hits, 0 errors, 0 left on base; Burlington 4 - Raleigh-Durham 1 |
| BOTTOM OF THE 7TH |
|
Raleigh-Durham Capitals batting - Pitching for Burlington Senators : LHP Bobby Sprowl
|
|
Batting: LHB Richard Kelly
|
0-0: Called Strike 0-1: Ball 1-1: Ball 2-1: Ball 3-1: Base on Balls
|
|
Batting: RHB Marshall Burk
|
0-0: Fly out, F8 (Flyball, 8LXD, EV 102.5 MPH)
|
|
Batting: LHB Donald Jamerson
|
0-0: Foul Ball, location: 2F 0-1: Foul Ball, location: 2F 0-2: Fielders Choice at 2nd, 6-4 (Groundball, 6, EV 82.5 MPH)
|
|
Batting: RHB Jim Wessinger
|
0-0: Called Strike 0-1: Foul Ball, location: 2F 0-2: Ball 1-2: Ball 2-2: Ball Donald Jamerson is caught stealing 2nd base 2-4
|
| Bottom of the 7th over - 0 runs, 0 hits, 0 errors, 0 left on base; Burlington 4 - Raleigh-Durham 1 |
| TOP OF THE 8TH |
|
Burlington Senators batting - Pitching for Raleigh-Durham Capitals : LHP Rodolfo Corderi
|
|
Batting: LHB Daniel Spain
|
0-0: Called Strike 0-1: Ball 1-1: Ground out 3-1 (Groundball, 34, EV 107.5 MPH)
|
|
Batting: RHB Rick Schu
|
0-0: Ball 1-0: Swinging Strike 1-1: Foul Ball, location: 2F 1-2: Foul Ball, location: 2F 1-2: Ball 2-2: Foul Ball, location: 2F 2-2: Fly out, F7 (Line Drive, 7, EV 104.4 MPH)
|
|
Batting: LHB John Skorochocki
|
0-0: Ground out 6-3 (Groundball, 6, EV 80.0 MPH)
|
| Top of the 8th over - 0 runs, 0 hits, 0 errors, 0 left on base; Burlington 4 - Raleigh-Durham 1 |
| BOTTOM OF THE 8TH |
|
Raleigh-Durham Capitals batting - Pitching for Burlington Senators : LHP Bobby Sprowl
|
|
Batting: RHB Jim Wessinger
|
0-0: Called Strike 0-1: Called Strike 0-2: Ball 1-2: Foul Ball, location: 2F 1-2: Fly out, F8 (Flyball, 8LXD, EV 101.9 MPH)
|
|
Batting: RHB Luis Brito
|
0-0: Ground out 6-3 (Groundball, 6, EV 88.8 MPH)
|
|
Batting: RHB Tony Camara
|
0-0: Ground out 6-3 (Groundball, 6, EV 88.8 MPH)
|
| Bottom of the 8th over - 0 runs, 0 hits, 0 errors, 0 left on base; Burlington 4 - Raleigh-Durham 1 |
| TOP OF THE 9TH |
|
Burlington Senators batting - Pitching for Raleigh-Durham Capitals : LHP Rodolfo Corderi
|
|
Batting: RHB Joseph Lorenz
|
0-0: Called Strike 0-1: Called Strike 0-2: Foul Ball, location: 2F 0-2: Ball 1-2: Foul Ball, location: 2F 1-2: Ball 2-2: Ground out U3 (Groundball, 3, EV 83.8 MPH)
|
|
Batting: RHB Glenn Millhauser
|
0-0: Ball 1-0: Called Strike 1-1: Ball 2-1: Ball 3-1: Base on Balls
|
|
Batting: LHB Jesus Sandoval
|
0-0: Grounds into double play, 4-6-3 (Groundball, 4, EV 90.0 MPH)
|
| Top of the 9th over - 0 runs, 0 hits, 0 errors, 0 left on base; Burlington 4 - Raleigh-Durham 1 |
| BOTTOM OF THE 9TH |
|
Raleigh-Durham Capitals batting - Pitching for Burlington Senators : LHP Bobby Sprowl
|
|
Pitching: RHP Paul Boris
|
|
|
Batting: LHB Clay Smith
|
0-0: Swinging Strike 0-1: Ball 1-1: Fly out, F9 (Flyball, 9LM, EV 80.0 MPH)
|
|
Batting: LHB Pat Castiglia
|
0-0: Ball 1-0: Ball 2-0: Foul Ball, location: 2F 2-1: Foul Ball, location: 2F 2-2: Ball 3-2: Base on Balls
|
|
Batting: RHB Richard Ferchen
|
0-0: SINGLE (Flyball, 89S, EV 85.0 MPH) Pat Castiglia to second
|
|
Batting: LHB Richard Kelly
|
0-0: Called Strike 0-1: Ball 1-1: Swinging Strike 1-2: Strikes out looking
|
|
Pinch Hitting: LHB Dermot Moriarty
|
0-0: Ball 1-0: Ball 2-0: Foul Ball, location: 2F 2-1: Foul Ball, location: 2F 2-2: Ground out 4-3 (Groundball, 4, EV 91.3 MPH)
|
| Bottom of the 9th over - 0 runs, 1 hit, 0 errors, 2 left on base; Burlington 4 - Raleigh-Durham 1 |
|